 Dungeon Crawl Stone Soup version 0.28-a0-537-g3bccd9ccbf (webtiles) character file.

Game seed: 12110958423508731972

2893 lunkers the Grappler (level 9, -2/92 HPs)
             Began as a Troll Cinder Acolyte on Sept 27, 2021.
             Was a High Priest of Ignis.
             Slain by a centaur (5 damage)
             ... on level 7 of the Dungeon.
             The game lasted 00:10:09 (5583 turns).

lunkers the Grappler (Troll Cinder Acolyte)         Turns: 5583, Time: 00:10:10

Health: -2/92      AC:  4    Str: 24    XL:     9   Next: 48%
Magic:  9/9        EV:  9    Int: 10    God:    Ignis [*****.]
Gold:   184        SH:  0    Dex: 14    Spells: 10/10 levels left

rFire   + . .      SeeInvis .     - Unarmed
rCold   . . .      Faith    .   (no shield)
rNeg    . . .      Spirit   .   a - +0 robe
rPois   .          Reflect  .   (helmet restricted)
rElec   .          Harm     .   (no cloak)
rCorr   .          Rampage  .   (gloves unavailable)
Will    .....                   (boots unavailable)
Stlth   +.........              (no amulet)
HPRegen 1.25/turn               h - +6 ring of dexterity
MPRegen 0.11/turn               (no ring)

@: no status effects
A: large, unfitting armour, claws 3, regeneration 1, shaggy fur 1, tough skin 1
a: Renounce Religion, Sea of Fire, Foxfire Swarm, Rising Flame


You were on level 7 of the Dungeon.
You worshipped Ignis.
Ignis was extremely pleased with you.
You visited 1 branch of the dungeon, and saw 7 of its levels.

You collected 184 gold pieces.

Inventory:

Missiles
 d - 40 poisoned darts (quivered)
 g - 189 stones
Armour
 a - a +0 robe (worn)
Jewellery
 h - a +6 ring of dexterity (left claw)
Wands
 k - a wand of paralysis (4)
 r - a wand of mindburst (14)
 s - a wand of flame (13)
Scrolls
 e - 6 scrolls of identify {unknown}
 i - 2 scrolls of noise {unknown}
 l - a scroll of magic mapping {unknown}
 n - 4 scrolls of amnesia {unknown}
 p - a scroll of silence {unknown}
 u - a scroll of enchant armour {unknown}
 v - a scroll of teleportation {unknown}
 x - a scroll of holy word {unknown}
 y - a scroll of fog {unknown}
Potions
 b - 3 potions of flight {unknown}
 c - 5 potions of curing {unknown}
 f - 2 potions of lignification {unknown}
 j - 2 potions of heal wounds {unknown}
 m - a potion of invisibility {unknown}
 o - 2 potions of degeneration {unknown}
 q - a potion of might {unknown}
 t - 3 potions of brilliance {unknown}
 w - a potion of attraction {unknown}


   Skills:
 + Level 6.8 Fighting
 * Level 11.2 Unarmed Combat
 - Level 1.0 Spellcasting
 - Level 2.1 Fire Magic


You had 10 spell levels left.
You didn't know any spells.
Your spell library contained the following spells:

 Spells                   Type           Power      Damage    Failure   Level
 Scorch                   Fire           8%         2d5       22%         2
 Summon Lightning Spire   Summ/Air       0%         N/A       98%         4
 Storm Form               Tmut/Air       0%         N/A       100%        7
 Maxwell's Capacitive Co  Air            0%         ∞         100%        8


Dungeon Overview and Level Annotations

Branches:
Dungeon (7/15)             Temple (0/1) D:5

Altars:
Gozag
Hepliaklqana
Okawaru
Yredelemnul
Zin

Annotations:
D:5 3 runed translucent doors, robertstho's ghost, novice DjFE


Innate Abilities, Weirdness & Mutations

You are too large for most types of armour.
You have claws for hands.
Your natural rate of healing is unusually fast.
You are covered in fur. (AC +1)
You have tough skin. (AC +1)


Message History

A centaur comes into view.
An ogre comes into view. It is wielding a +0 giant club.
Items here: ) [ ††.
You start resting.
An ogre is nearby!
The centaur wields a +0 shortbow.
The centaur shoots an arrow.
The arrow hits you!
A scorpion comes into view.
The centaur shoots an arrow.
The arrow hits you!
* * * LOW HITPOINT WARNING * * *
The ogre hits you with a +0 giant club!!
* * * LOW HITPOINT WARNING * * *
You mangle the ogre!!
The ogre is severely wounded.
The centaur shoots an arrow.
The arrow hits you!
* * * LOW HITPOINT WARNING * * *
You claw the ogre!
You kill the ogre!
The sentinel's mark upon you fades away.
The centaur shoots an arrow.
The arrow hits you!
* * * LOW HITPOINT WARNING * * *
Unknown command.
Okay, then.
Okay, then.
A sky beast comes into view.
The centaur unwields a +0 shortbow.
The centaur hits you.
* * * LOW HITPOINT WARNING * * *
The centaur kicks you but does no damage.
The centaur barely misses you. The centaur closely misses you.
You closely miss the centaur. The centaur closely misses you.
The centaur barely misses you.
You scratch the centaur.
The centaur is moderately wounded.
The scorpion stings you but does no damage.
The centaur barely misses you. The centaur kicks you.
* * * LOW HITPOINT WARNING * * *
You claw the centaur!
The centaur is severely wounded.
The centaur hits you.
You die...

.# #.# .# ##.## ## #...#
..# #...# ...# #...#
########... <
##...#####........# ....
#........#.#####..###.....
#..........Yc........ ....
#........#.##@.#.#.##....
#......###.##s.#....#....
##...#.# #..)))......#
#...#.# ####........#
#...#.# #.##.....#
.......# #.###...## ..##
..# #.# ##### #.# #.#


You could see a sky beast, a centaur and a scorpion.

Vanquished Creatures
  Sigmund (D:6)
  Eustachio (D:5)
  Menkaure (D:7)
  Edmund (D:5)
  A water moccasin (D:6)
  2 orc warriors
  2 sky beasts
  An ice beast (D:6)
  6 ogres
  A black bear (D:7)
  3 phantoms (D:6)
  A bullfrog (D:6)
  3 scorpions
  2 electric eels (D:6)
  A howler monkey (D:6)
  2 bullfrog zombies (D:5)
  4 hounds
  A jelly (D:5)
  2 orc priests
  Jessica (D:3)
  2 iguanas
  2 orc wizards
  A hound zombie (D:5)
  A howler monkey zombie (D:5)
  A gnoll (D:2)
  3 adders
  A shadow imp (D:6)
  An ufetubus (D:5)
  An adder skeleton (D:4)
  2 worms
  8 dart slugs
  16 orcs
  9 bats
  10 endoplasms
  3 giant cockroaches
  9 goblins
  5 hobgoblins
  7 jackals (D:3)
  3 kobolds
  4 quokkas
  5 ball pythons
  7 frilled lizards
  3 rats
141 creatures vanquished.

Vanquished Creatures (others)
  A plant (D:7)
1 creature vanquished.

Grand Total: 142 creatures vanquished

Notes
Turn   | Place    | Note
-------+----------+-------------------------------------------
     0 | D:1      | lunkers the Troll Cinder Acolyte began the quest for the
                  | Orb.
     0 | D:1      | Reached XP level 1. HP: 22/22 MP: 1/1
   218 | D:1      | Reached XP level 2. HP: 28/29 MP: 2/2
   740 | D:1      | Reached XP level 3. HP: 36/36 MP: 3/3
   943 | D:2      | Reached skill level 4 in Unarmed Combat
  1261 | D:2      | Reached XP level 4. HP: 45/45 MP: 4/4
  1791 | D:3      | Found a glowing silver altar of Zin.
  2215 | D:3      | Noticed Jessica
  2227 | D:3      | Killed Jessica
  2707 | D:4      | Reached skill level 5 in Unarmed Combat
  2709 | D:4      | Reached XP level 5. HP: 53/53 MP: 5/5
  3186 | D:5      | Entered Level 5 of the Dungeon
  3186 | D:5      | Noticed an ogre
  3195 | D:5      | Killed an ogre
  3196 | D:5      | Reached skill level 6 in Unarmed Combat
  3196 | D:5      | Reached XP level 6. HP: 48/62 MP: 6/6
  3258 | D:5      | Noticed Edmund
  3299 | D:5      | Killed Edmund
  3304 | D:5      | Reached XP level 7. HP: 45/71 MP: 7/7
  3333 | D:5      | Found a staircase to the Ecumenical Temple.
  3353 | D:5      | Reached skill level 7 in Unarmed Combat
  3700 | D:5      | Noticed Eustachio
  3718 | D:5      | Killed Eustachio
  3719 | D:5      | Found a runed translucent gate.
  3719 | D:5      | Found a runed translucent gate.
  3719 | D:5      | Found a runed translucent gate.
  3728 | D:5      | Found an opulent altar of Gozag.
  3729 | D:5      | Noticed robertstho's ghost (novice DjFE)
  3730 | D:5      | Noticed a troll
  3745 | D:5      | Found an iron altar of Okawaru.
  3750 | D:5      | Found a hazy altar of Hepliaklqana.
  3753 | D:5      | Found a basalt altar of Yredelemnul.
  3991 | D:6      | Reached skill level 5 in Fighting
  3991 | D:6      | Reached skill level 8 in Unarmed Combat
  3993 | D:6      | Reached XP level 8. HP: 72/80 MP: 8/8
  4010 | D:6      | Noticed Sigmund
  4232 | D:6      | Reached skill level 9 in Unarmed Combat
  4817 | D:6      | Reached skill level 10 in Unarmed Combat
  4835 | D:6      | Killed Sigmund
  4836 | D:6      | Reached XP level 9. HP: 60/89 MP: 9/9
  5542 | D:7      | Noticed Menkaure
  5554 | D:7      | Killed Menkaure
  5555 | D:7      | Reached skill level 11 in Unarmed Combat
  5579 | D:7      | HP: 3/92 [centaur/arrow (14)]
  5580 | D:7      | HP: 1/92 [centaur (3)]
  5583 | D:7      | Slain by a centaur

Illustrated notes

Levels and vault maps discovered:
D:1:      matt_arrival_spirals, layout_loops_cross
D:2:      layout_basic, kennysheep_nondescript
D:3:      layout_loops_corners, nicolae_overflow_crystal_walls, st_stairs_12,
          chequers_arboretum, kennysheep_jessica_study
D:4:      layout_loops_ring
D:5:      layout_loops_ring, minitemple, minmay_temple_entry_ruins,
          ebering_ghost_gozag, uniq_eustachio, uniq_edmund
D:6:      kennysheep_slugbush, layout_basic, corexii_leaking_fountain,
          uniq_sigmund
D:7:      layout_loops_cross, nicolae_sif_muna_little_library,
          amcnicky_mini_corridor_feature, minmay_shattered_shrine, uniq_menkaure

Skill      XL: |  1  2  3  4  5  6  7  8  9 |
---------------+----------------------------+-----
Unarmed Combat | 4 5 6 8 10 11 | 11.2
Fighting       | 3 4 5 6 |  6.8
Spellcasting   | |  1.0
Fire Magic     | |  2.1

Action                   |  1- 3 |  4- 6 |  7- 9 || total
-------------------------+-------+-------+-------++-------
Melee: Unarmed           |   102 |   133 |   167 ||   402
       Punch             |       |     1 |     6 ||     7
Throw: Dart              |    42 |    21 |    34 ||    97
Evoke: Wand              |       |     1 |     1 ||     2
 Stab: Sleeping          |       |     1 |       ||     1
       Paralysed         |       |     8 |       ||     8
Armor: Robe              |    34 |    28 |    40 ||   102
Dodge: Dodged            |    48 |    47 |    69 ||   164

Table legend: (Time is in decaauts)
 A = Elapsed time spent in this place.
 B = Non-inter-level travel time spent in this place.
 C = Inter-level travel time spent in this place.
 D = Time resting spent in this place.
 E = Time spent auto-exploring this place.
 F = Levels seen in this place.
 G = Mean time per level.
                   A        B        C        D        E       F      G
               +--------+--------+--------+--------+--------+-----+--------+
         Total |   5558 |   5388 |    170 |     47 |   4095 |   7 |  794.0 |
       Dungeon |   5558 |   5388 |    170 |     47 |   4095 |   7 |  794.0 |
               +--------+--------+--------+--------+--------+-----+--------+

Top non-repeatable levels by time:
     D:6: 1251 daAuts
     D:5: 895 daAuts
     D:2: 869 daAuts
     D:3: 853 daAuts
     D:1: 831 daAuts
     D:4: 615 daAuts
     D:7: 241 daAuts
